 Dungeon Crawl Stone Soup version 0.25-a0-23-gdc1bd94 (webtiles) character file.

Game seed: 17794532582294699463, levelgen mode: deterministic

4 DrEnzyme the Skirmisher (level 1, 0/16 HPs)
             Began as a Vine Stalker Wanderer on Oct 16, 2019.
             Succumbed to a hobgoblin's poison
             ... on level 1 of the Dungeon.
             The game lasted 00:00:30 (76 turns).

DrEnzyme the Skirmisher (Vine Stalker Wanderer)       Turns: 76, Time: 00:00:30

Health: 0/16       AC: 20    Str: 12    XL:     1   Next: 70%
Magic:  2/2        EV:  2    Int: 12    God:
Gold:   0          SH:  0    Dex: 15    Spells: 0/0 levels left

rFire    . . .     SeeInvis .   a - +2 falchion
rCold    . . .     Gourm    .   (no shield)
rNeg     + + +     Faith    .   (armour currently unavailable)
rPois    +         Spirit   +   (helmet currently unavailable)
rElec    .         Reflect  .   (cloak currently unavailable)
rCorr    .         Harm     .   (gloves currently unavailable)
MR       .....     NoTele   +   (boots currently unavailable)
Stlth    ++........             (no amulet)
HPRegen  0.05/turn              (no ring)
MPRegen  0.08/turn              (no ring)

@: lethally poisoned (0 -> -3), tree-form
A: magic shield, no potion heal 3, rot immunity
a: no special abilities


You were on level 1 of the Dungeon.
You were not hungry.
You were a tree.
You visited 1 branch of the dungeon, and saw 1 of its levels.

Inventory:

Hand Weapons
 a - a +2 falchion (weapon)
Armour
 d - a +0 robe (melded)
Scrolls
 c - a scroll of teleportation
Comestibles
 f - a ration


   Skills:
 + Level 2.9 Fighting
 + Level 2.0 Long Blades
 + Level 1.5 Dodging
 + Level 1.2 Stealth
   Level 1.7 Shields


You couldn't memorise any spells.
You didn't know any spells.
Your spell library was empty.

Dungeon Overview and Level Annotations

Branches:
Dungeon (1/15)

Altars:


Innate Abilities, Weirdness & Mutations

((You have extremely sharp teeth.))
When hurt, damage is shared between your health and your magic reserves.
((Your bite disrupts and absorbs the magic of your enemies.))
Potions cannot restore your health.
You are immune to rotting.


Message History

* * * LOW HITPOINT WARNING * * *
You feel sick. The hobgoblin barely misses you.
You see here a rat corpse.
You hit the hobgoblin.
The hobgoblin is moderately wounded.
The hobgoblin completely misses you.
You hit the hobgoblin. Your bite misses the hobgoblin.
The hobgoblin is almost dead.
* * * LOW HITPOINT WARNING * * *
You feel sick. The hobgoblin barely misses you.
You riposte.
You closely miss the hobgoblin. You bite the hobgoblin.
You kill the hobgoblin!
Things that are here:
5 poisoned darts; a hobgoblin corpse
* * * LOW HITPOINT WARNING * * *
You feel sick.
Really quaff the potion of lignification?
You turn into a tree.
Your +0 robe melds into your body.
Your roots penetrate the ground.
You die...

#. #.....###...###....#
#.######.......#'''#......#
#......#..................#
###.(....#>.....♣.....♣.....#
.........##.................#
........?##.(...♣.....♣.....#
.........##.†...............#
...[.....##.(...♣.....♣.....#
...g...!..#..♣..............#
........(.#.....♣.....♣.....#
........(.#.................#
.......r..))................#
......####..........#########
###### ############


There were no monsters in sight!

Vanquished Creatures
  3 hobgoblins (D:1)
  A rat (D:1)
4 creatures vanquished.

Notes
Turn   | Place    | Note
-------+----------+-------------------------------------------
     0 | D:1      | DrEnzyme the Vine Stalker Wanderer began the quest for the
                  | Orb.
     0 | D:1      | DrEnzyme set off with the following items: a +2 falchion, a
                  | potion of lignification, a scroll of teleportation, a +0
                  | robe, a ration
     0 | D:1      | Reached XP level 1. HP: 11/11 MP: 2/2
    76 | D:1      | Succumbed to a hobgoblin's poison

Levels and vault maps discovered:
D:1:      wander_arrival_estate, layout_basic, minmay_tetromino_l4

Skill      XL: |  1 |
---------------+----+-----
Long Blades    | 2 |  2.0
Fighting       | |  2.9
Dodging        | |  1.5
Stealth        | |  1.2
Shields        | |  1.7

Action                   || total
-------------------------++-------
Melee: Falchion          ||     9
       Bite              ||     3
  Use: Potion            ||     1
Dodge: Dodged            ||     9
       Rpst.: Falchion   ||     1

Table legend:
 A = Non-vault XP
 B = Vault XP
 C = Vault XP percentage of total XP
 D = Non-vault monster count
 E = Vault monster count
 F = Vault count percentage of total count
                 A         B        C        D         E       F
            +---------+---------+-------+---------+---------+-------
      Total |       7 |       0 |   0.0 |       4 |       0 |   0.0
            +---------+---------+-------+---------+---------+-------
        D:1 |       7 |       0 |   0.0 |       4 |       0 |   0.0
            +---------+---------+-------+---------+---------+-------
